 Dungeon Crawl Stone Soup version 0.19-a0-805-g0a78ef0 (webtiles) character file.

238 Ijustatesigmund the Stinger (level 6, -5/47 HPs)
             Began as a Formicid Venom Mage on June 26, 2016.
             Slain by a sky beast (6 damage)
             ... on level 6 of the Dungeon on June 27, 2016.
             The game lasted 00:15:33 (4327 turns).

Ijustatesigmund the Stinger (Formicid Venom Mage)   Turns: 4327, Time: 00:15:34

Health: -5/47      AC:  3    Str: 13    XL:     6   Next: 28%
Magic:  5/9        EV: 12    Int: 14    God:
Gold:   74         SH:  0    Dex: 13    Spells: 3 memorised, 1 level left

rFire  . . .     SeeInvis +     e - +4 flail
rCold  . . .     Gourm    .     a - +0 robe
rNeg   . . .     Faith    .     (no shield)
rPois  .         Spirit   .     (helmet unavailable)
rElec  .         Dismiss  .     (no cloak)
rCorr  .         Reflect  .     (no gloves)
SustAt .         Harm     .     n - +0 pair of boots
MR     .....                    (no amulet)
Stlth  ++........               (no ring)
                                (no ring)

@: not resistant to hostile enchantments, unstealthy
A: permanent stasis, dig shafts and tunnels, four strong arms, antennae 3
a: Dig, Shaft Self


You were on level 6 of the Dungeon.
You were not hungry.

You visited 1 branch of the dungeon, and saw 5 of its levels.

You collected 74 gold pieces.

Inventory:

Hand Weapons
 e - a +4 flail (weapon)
 p - a +1 dagger of speed
Armour
 a - a +0 robe (worn)
 m - a +0 scale mail of poison resistance
 n - a +0 pair of boots (worn)
Potions
 d - a potion of mutation {unknown}
 i - a potion of berserk rage
 j - a potion of haste {unknown}
 o - a potion of lignification
Books
 b - a Young Poisoner's Handbook

   Spells                             Type                      Level
   a - Sting                          Conjuration/Poison           1
   b - Mephitic Cloud                 Conjuration/Poison/Air       3
   c - Olgreb's Toxic Radiance        Poison                       4
   d - Alistair's Intoxication        Transmutation/Poison         5
   e - Venom Bolt                     Conjuration/Poison           5
 k - a book of Alchemy

   Spells                             Type                      Level
   a - Sublimation of Blood           Necromancy                   2
   b - Ignite Poison                  Fire/Transmutation/Poison    3
   c - Petrify                        Transmutation/Earth          4
   d - Alistair's Intoxication        Transmutation/Poison         5
   e - Irradiate                      Conjuration/Transmutation    5
Comestibles
 c - a bread ration


   Skills:
 - Level 3.1 Fighting
 + Level 1.0 Maces & Flails
 - Level 2.3 Armour
 - Level 1.7 Dodging
 - Level 2.4 Stealth
 - Level 2.1 Spellcasting
 + Level 2.7 Conjurations
 + Level 1.6 Air Magic
 - Level 5.3 Poison Magic


You had one spell level left.
You knew the following spells:

 Your Spells              Type           Power        Failure   Level  Hunger
a - Sting                 Conj/Pois      ##..         4%          1    #......
b - Mephitic Cloud        Conj/Pois/Air  ##......     21%         3    ###....
c - Olgreb's Toxic Radia  Pois           ###.....     30%         4    #####..


Dungeon Overview and Level Annotations

Branches:
Dungeon (6/15)
 Temple: D:4-7

Altars:

Annotations:
D:5 Dowan, Duvessa


Innate Abilities, Weirdness & Mutations

You are under a permanent stasis effect.
You can dig through walls and to a lower floor.
Your four strong arms can wield two-handed weapons with a shield.
You have a pair of large antennae on your head. (SInv)


Message History

The sky beast hits you.
* * * LOW HITPOINT WARNING * * *
The sky beast shocks you.
* * * LOW HITPOINT WARNING * * *
You feel better. The sky beast hits you.
* * * LOW HITPOINT WARNING * * *
The sky beast shocks you.
* * * LOW HITPOINT WARNING * * *
You closely miss the sky beast.
The sky beast is heavily wounded.
The sky beast hits you but does no damage.
You closely miss the sky beast.
The sky beast is heavily wounded.
The sky beast closely misses you.
You barely miss the sky beast.
The sky beast is heavily wounded.
The sky beast hits you.
* * * LOW HITPOINT WARNING * * *
The sky beast shocks you.
You die...

###########.#.
#@Y...........
######........
#........
####...##
..... ..## .#
.#


You could see a sky beast (invisible).

Vanquished Creatures
  An orc priest (D:5)
  An orc wizard (D:3)
  A giant frog skeleton (D:5)
  A worker ant (D:6)
  3 adders (D:2)
  2 oozes (D:2)
  5 worms
  3 dart slugs (D:1)
  A giant gecko (D:1)
  4 orcs
  11 bats
  7 giant cockroaches
  7 goblins
  4 hobgoblins
  7 kobolds
  4 giant newts
  7 rats
69 creatures vanquished.

Notes
Turn   | Place    | Note
--------------------------------------------------------------
     0 | D:1      | Ijustatesigmund the Formicid Venom Mage began the quest for the Orb.
     0 | D:1      | Reached XP level 1. HP: 13/13 MP: 3/3
   108 | D:1      | Reached skill level 1 in Fighting
   160 | D:1      | Reached XP level 2. HP: 14/22 MP: 0/5
   529 | D:1      | Reached XP level 3. HP: 28/28 MP: 4/6
  1796 | D:2      | Reached skill level 1 in Conjurations
  1886 | D:2      | Reached XP level 4. HP: 16/35 MP: 1/7
  2461 | D:2      | Reached skill level 1 in Armour
  2556 | D:2      | Learned a level 3 spell: Mephitic Cloud
  3110 | D:2      | Reached XP level 5. HP: 35/41 MP: 6/8
  3116 | D:2      | Learned a level 4 spell: Olgreb's Toxic Radiance
  3500 | D:3      | Reached skill level 1 in Air Magic
  3573 | D:3      | You fall through a shaft for 2 floors!
  3573 | D:5      | Entered Level 5 of the Dungeon
  3795 | D:5      | Upgraded the game from 0.19-a0-790-ge39e1af to 0.19-a0-805-g0a78ef0
  4103 | D:5      | Reached XP level 6. HP: 17/47 MP: 9/9
  4304 | D:5      | Noticed Dowan
  4307 | D:5      | Noticed Duvessa
  4308 | D:6      | Noticed a sky beast
  4318 | D:6      | Reached skill level 1 in Maces & Flails
  4327 | D:6      | HP: 1/47 [sky beast (3)]
  4327 | D:6      | Slain by a sky beast

Vault maps used:
D:1:      scummos_arrival_simple_crosswalls
D:2:      minmay_pentomino_s4
D:5:      kiku_gazebo_pond_becter, first_bread, uniq_duvessa
D:6:      uniq_pikel, uniq_menkaure, uniq_crazy_yiuf_cottage, uniq_eustachio,
          uniq_edmund

Skill      XL: |  1  2  3  4  5  6 |
---------------+-------------------+-----
Fighting       | 1 2 3 |  3.1
Conjurations   | 1 2 |  2.7
Armour         | 1 2 |  2.3
Air Magic      | 1 |  1.6
Maces & Flails | 1 |  1.0
Dodging        | |  1.7
Stealth        | |  2.4
Spellcasting   | |  2.1
Poison Magic   | |  5.3

Action                   |  1- 3 |  4- 6 || total
-------------------------+-------+-------++-------
Melee: Dagger            |    59 |   118 ||   177
       Flail             |       |    16 ||    16
 Cast: Sting             |    70 |    64 ||   134
 Abil: Dig               |     4 |     3 ||     7
       Shaft Self        |       |     1 ||     1
  Use: Scroll            |       |     6 ||     6
       Potion            |       |     5 ||     5
  Eat: Chunk             |     3 |     4 ||     7
       Bread ration      |     1 |     1 ||     2
Armor: Robe              |    17 |    11 ||    28
       Scale mail        |       |    37 ||    37
       Skin              |       |    10 ||    10
Dodge: Dodged            |    48 |    62 ||   110
